 Dungeon Crawl Stone Soup version 0.23.2-40-g277498a001 (webtiles) character file.

Game seed: 214378035475333753

3150 Marnok the Shield-Bearer (level 10, -3/76 HPs)
             Began as a Human Fighter on Oct 12, 2019.
             Slain by an orc warrior
             ... wielding a +0 glaive
              (5 damage)
             ... on level 9 of the Dungeon.
             The game lasted 00:21:57 (6110 turns).

Marnok the Shield-Bearer (Human Fighter)            Turns: 6110, Time: 00:21:57

Health: -3/76      AC: 15    Str: 22    XL:     10   Next: 15%
Magic:  10/10      EV: 10    Int:  9    God:
Gold:   364        SH: 16    Dex: 12    Spells: 9/9 levels left

rFire    . . .     SeeInvis .   e - +6 whip "Cotonel" {protect, Stlth+}
rCold    . . .     Gourm    .   c - +5 shield
rNeg     . . .     Faith    .   b - +0 scale mail
rPois    .         Spirit   .   A - +0 helmet
rElec    .         Reflect  .   (no cloak)
rCorr    .         Harm     .   (no gloves)
MR       +....                  (no boots)
Stlth    +.........             (no amulet)
HPRegen  0.22/turn              o - +2 ring of strength
MPRegen  0.12/turn              y - ring of protection from magic

@: protection aura, very slightly contaminated
A: no striking features
a: no special abilities


You were on level 9 of the Dungeon.
You were not hungry.

You visited 1 branch of the dungeon, and saw 9 of its levels.

You collected 364 gold pieces.

Inventory:

Hand Weapons
 e - the +6 whip "Cotonel" (weapon) {protect, Stlth+}
   (You found it on level 4 of the Dungeon)

   It protects the one who uses it against injury (+AC on strike).
   It makes you more stealthy.
 i - a cursed -3 quarterstaff
 C - a +5 falchion of freezing
Missiles
 v - 10 tomahawks (quivered)
Armour
 b - a +0 scale mail (worn)
 c - a +5 shield (worn)
 h - a cursed -1 robe
 A - a +0 helmet (worn)
Jewellery
 o - a +2 ring of strength (left hand)
 w - an uncursed ring of protection from fire
 y - a ring of protection from magic (right hand)
Wands
 u - a wand of digging (3)
 B - a wand of flame (41)
Scrolls
 a - 2 scrolls of identify
 d - a scroll of blinking
 n - 2 scrolls of remove curse
Potions
 g - a potion of degeneration
 k - 2 potions of magic
 p - 3 potions of brilliance
 q - a potion of resistance
 r - a potion of cancellation
 x - a potion of ambrosia
Comestibles
 f - 17 rations
 l - 12 chunks of flesh


   Skills:
 + Level 6.0 Fighting
 + Level 4.6 Long Blades
 + Level 6.5 Maces & Flails
 + Level 5.9 Armour
 + Level 3.5 Dodging
 + Level 0.3 Stealth
 + Level 7.9 Shields


You had 9 spell levels left.
You didn't know any spells.
Your spell library was empty.

Dungeon Overview and Level Annotations

Branches:
Dungeon (8/15)             Temple (0/1) D:6
   Lair: D:8-11

Altars:
Cheibriados
Dithmenos
Hepliaklqana
Qazlal
Sif Muna
Uskayaw
Xom

Shops:
D:4 [   D:5 :   D:6 *


Message History

The centaur hits you but does no damage.
You hit the phantom but do no damage.
The phantom is moderately damaged.
The centaur hits you but does no damage.
You closely miss the phantom.
The phantom is moderately damaged.
You block the phantom's attack. You block the centaur's attack.
The orc warrior hits you from afar with a +0 glaive!
* * * LOW HITPOINT WARNING * * *
Really walk into that dispersal trap?
You enter a dispersal trap!
The phantom blinks!
The centaur blinks!
The howler monkey zombie blinks!
The orc warrior blinks!
You blink.
You block the orc's attack. Something hits you but does no damage.
You block the orc warrior's attack. The centaur misses you.
You block the orc's attack. You block the centaur's attack.
The centaur hits you.
* * * LOW HITPOINT WARNING * * *
The orc warrior hits you with a +0 glaive.
You die...

#### #### #..# #..# #..# #..#
#..# #.^# #..# #.Z# #..# #..#
..######..####{.######..####..###
...........((.oc@.............>..
..........)(...Wo........ .....).
..........######..####..# #.....
..........# #..# #..# #.....
..........# #..# #..# #.....
..........######..####..####.....
.................................
......(.((((.(...................
###..#############..#####........


You could see a phantom, an orc warrior, a centaur, an orc and a howler monkey
zombie.

Vanquished Creatures
  A yak (D:9)
  2 orc warriors
  2 sky beasts
  An ice beast (D:6)
  A black bear (D:6)
  An ogre (D:6)
  A phantom (D:6)
  A necrophage (D:9)
  2 centaurs (D:5)
  A big kobold (D:9)
  3 bullfrogs
  3 scorpions (D:9)
  8 wights (D:7)
  3 howler monkeys
  5 crimson imps
  A centaur zombie (D:5)
  A quasit (D:9)
  2 hounds
  5 orc priests
  5 orc wizards
  Jessica (D:2)
  An iguana (D:5)
  Terence (D:3)
  7 worker ants
  4 hound skeletons
  A worker ant zombie (D:6)
  8 gnolls
  4 adders
  2 shadow imps
  A white imp (D:7)
  An ooze (D:3)
  An adder zombie (D:5)
  3 worms
  A dart slug (D:2)
  4 leopard geckos
  27 orcs
  A ball python (D:1)
  6 giant cockroaches
  14 goblins
  3 hobgoblins (D:3)
  20 jackals
  7 kobolds
  2 quokkas
  8 bats
  4 frilled lizards
  A giant cockroach zombie (D:5)
  A quokka skeleton (D:4)
  12 rats
195 creatures vanquished.

Notes
Turn   | Place    | Note
-------+----------+-------------------------------------------
     0 | D:1      | Marnok the Human Fighter began the quest for the Orb.
     0 | D:1      | Reached XP level 1. HP: 18/18 MP: 1/1
    68 | D:1      | Reached XP level 2. HP: 17/24 MP: 2/2
    84 | D:2      | Noticed Jessica
   163 | D:1      | Reached XP level 3. HP: 18/29 MP: 3/3
   726 | D:2      | Killed Jessica
   726 | D:2      | Reached skill level 1 in Dodging
   726 | D:2      | Reached XP level 4. HP: 35/35 MP: 4/4
   870 | D:2      | Reached XP level 5. HP: 27/41 MP: 5/5
  1781 | D:3      | Found a shimmering altar of Xom.
  2125 | D:3      | Reached XP level 6. HP: 46/47 MP: 6/6
  2222 | D:3      | Reached skill level 4 in Shields
  2415 | D:3      | Noticed Terence
  2427 | D:3      | Killed Terence
  2491 | D:3      | Found a deep blue altar of Sif Muna.
  2670 | D:4      | Got a dazzling whip
  2671 | D:4      | Identified the +6 whip "Cotonel" {protect, Stlth+} (You
                  | found it on level 4 of the Dungeon)
  2687 | D:5      | Entered Level 5 of the Dungeon
  2878 | D:4      | Reached XP level 7. HP: 51/53 MP: 7/7
  2918 | D:4      | Found Odynlesk's Armour Shop.
  3035 | D:4      | Found a stormy altar of Qazlal.
  3787 | D:5      | Found a hide-covered altar of Uskayaw.
  3976 | D:5      | Reached skill level 1 in Maces & Flails
  4162 | D:5      | Reached XP level 8. HP: 58/60 MP: 8/8
  4167 | D:5      | Reached skill level 5 in Shields
  4251 | D:5      | Found Qyiclexy's Book Shop.
  4253 | D:5      | Found a snail-covered altar of Cheibriados.
  4495 | D:6      | Found a staircase to the Ecumenical Temple.
  4521 | D:6      | Reached skill level 5 in Armour
  4750 | D:6      | Reached XP level 9. HP: 12/66 MP: 9/9
  5071 | D:6      | Reached skill level 6 in Shields
  5141 | D:6      | Found a hazy altar of Hepliaklqana.
  5201 | D:6      | Found Muliph's General Store.
  5228 | D:6      | Reached skill level 5 in Fighting
  5235 | D:6      | Reached skill level 5 in Maces & Flails
  5427 | D:7      | Found a shadowy altar of Dithmenos.
  5882 | D:8      | Reached skill level 7 in Shields
  5894 | D:8      | You fall through a shaft!
  5929 | D:9      | Reached XP level 10. HP: 42/76 MP: 10/10
  6107 | D:9      | HP: 3/76 [orc warrior/+0 glaive (15)]
  6110 | D:9      | Slain by an orc warrior

Skill      XL: |  1  2  3  4  5  6  7  8  9 10 |
---------------+-------------------------------+-----
Dodging        | 1 2 3 |  3.5
Long Blades    | 3 4 |  4.6
Shields        | 4 5 7 |  7.9
Fighting       | 4 5 6 |  6.0
Armour         | 4 5 |  5.9
Maces & Flails | 1 4 6 |  6.5
Stealth        | |  0.3

Action                   |  1- 3 |  4- 6 |  7- 9 | 10-12 || total
-------------------------+-------+-------+-------+-------++-------
Melee: Long sword        |    84 |   218 |       |       ||   302
       Whip              |       |     9 |   437 |    53 ||   499
  Use: Scroll            |     2 |     5 |    14 |     2 ||    23
       Potion            |       |     3 |     6 |     2 ||    11
  Eat: Chunk             |       |     6 |     8 |     1 ||    15
       Ration            |       |       |     1 |       ||     1
Armor: Scale mail        |    63 |   118 |   133 |    34 ||   348
Dodge: Dodged            |    36 |    99 |    99 |    38 ||   272
Block: Shield            |    68 |   152 |   287 |    97 ||   604
       Rpst.: Long sword |    16 |    39 |       |       ||    55
